 Dungeon Crawl Stone Soup version 0.17.1-3-g152610e (webtiles) character file.

237 kaze the Shield-Bearer (level 5, -2/41 HPs)
             Began as a Demonspawn Fighter on Apr 13, 2016.
             Killed by divine providence
             ... invoked by an orc priest
              (9 damage)
             ... on level 4 of the Dungeon.
             The game lasted 00:06:28 (3409 turns).

kaze the Shield-Bearer (Demonspawn Fighter)         Turns: 3409, Time: 00:06:28

Health: -2/41      AC: 13    Str: 18    XL:     5   Next: 77%
Magic:  5/5        EV:  8    Int:  9    God:
Gold:   131        SH:  9    Dex: 12    Spells: 0 memorised, 4 levels left

rFire  . . .     SeeInvis .     a - +0 trident
rCold  . . .     Clarity  .     b - +0 scale mail
rNeg   . . .     SustAt   .     c - +0 shield
rPois  .         Gourm    .     (no helmet)
rElec  .         Spirit   .     t - +0 cloak
rCorr  .         Warding  .     G - +0 pair of gloves
rMut   .         Stasis   .     I - +1 pair of boots
MR     .....                    (no amulet)
Stlth  ..........               (no ring)
                                l - ring of flight

@: not resistant to hostile enchantments, extremely unstealthy
A: talons 1, yellow scales 1, demonic guardian 1
a: Evoke Flight


You were on level 4 of the Dungeon.
You were hungry.

You visited 1 branch of the dungeon, and saw 4 of its levels.

You collected 131 gold pieces.

Inventory:

Hand Weapons
 a - a +0 trident (weapon)
 v - a +0 flail
Missiles
 j - 92 sling bullets
 k - 9 poisoned needles
 m - 8 curare-tipped needles
Armour
 b - a +0 scale mail (worn)
 c - a +0 shield (worn)
 t - a +0 cloak (worn)
 G - a +0 pair of gloves (worn)
 I - a +1 pair of boots (worn)
Jewellery
 l - a ring of flight (left hand)
Wands
 r - a wand of teleportation (7)
 C - a wand of confusion (11)
 E - a wand of teleportation (5)
Scrolls
 o - 2 scrolls of noise
 q - 2 scrolls of magic mapping
 y - a scroll of amnesia {unknown}
 A - 4 scrolls of identify
 B - a scroll of enchant armour {unknown}
 D - a scroll of recharging {unknown}
 F - a scroll of immolation {unknown}
 H - a scroll of teleportation {unknown}
Potions
 d - a potion of might
 f - a potion of ambrosia {unknown}
 g - a potion of lignification
 i - a potion of cancellation
 n - 3 potions of haste {unknown}
 p - a potion of brilliance {unknown}
 s - a potion of curing {unknown}
 w - a potion of heal wounds {unknown}
 z - a potion of poison {unknown}
Comestibles
 e - 2 bread rations
 h - a meat ration
 x - 3 fruits


   Skills:
 + Level 3.5 Fighting
 + Level 3.1 Polearms
 + Level 3.7 Armour
 + Level 1.5 Dodging
 + Level 0.2 Stealth
 + Level 3.8 Shields


You had 4 spell levels left.
You didn't know any spells.

Dungeon Overview and Level Annotations

Branches:
Dungeon (4/15)             Temple (0/1) D:4

Altars:
Fedhas
Ru
Zin
The Shining One


Innate Abilities, Weirdness & Mutations

You have sharp toenails.
You are partially covered in yellow scales (AC +2).
A weak demonic guardian rushes to your aid.


Message History

The orc priest is lightly wounded.
The orc priest calls down the wrath of Beogh upon you.
Something smites you!
Your iron imp closely misses the orc priest.
The orc priest invokes the aid of Beogh against you.
Something smites you!
* * * LOW HITPOINT WARNING * * *
An orc comes into view. It is wielding a short sword.
You are too injured to fight recklessly!
Unknown command.
Your iron imp disappears in a puff of smoke!
The orc priest casts a cantrip, but nothing happens.
Your iron imp hits the orc priest.
The orc hits your iron imp but does no damage.
Your iron imp hits the orc priest.
The orc hits your iron imp with a short sword.
Your iron imp closely misses the orc.
The orc priest invokes the aid of Beogh against you.
Something smites you!
You die...

#. #########
#. #.......#
#. #.#####.#
#. #.# #.# #.
#.# #.# #.##
#.# #.# #..#
#.# #.## #@#
#.# #..# #.#
#.# ##.# #o#
#.# #[#
#######o###.#
#.#
$.......5...#
#.#
##.####o#####
#.# ...#
########.# #
# ####.
(........#
.#...# .
######..#


You could see 2 orc priests, an orc and a friendly iron imp.

Vanquished Creatures
  Crazy Yiuf (D:2)
  An orc wizard (D:3)
  2 worker ants (D:4)
  7 adders
  A worm (D:4)
  2 giant geckos
  6 orcs (D:3)
  8 bats
  4 giant cockroaches
  10 hobgoblins
  2 quokkas (D:3)
  5 giant newts
  9 goblins
  5 kobolds
  6 rats
69 creatures vanquished.

Notes
Turn   | Place    | Note
--------------------------------------------------------------
     0 | D:1      | kaze the Demonspawn Fighter began the quest for the Orb.
     0 | D:1      | Reached XP level 1. HP: 18/18 MP: 1/1
   445 | D:1      | Gained mutation: You have sharp toenails. [demonic ancestry]
   445 | D:1      | Reached XP level 2. HP: 24/24 MP: 2/2
  1069 | D:2      | Gained mutation: You are partially covered in yellow scales (AC +2). [demonic ancestry]
  1069 | D:2      | Reached XP level 3. HP: 19/29 MP: 3/3
  1507 | D:2      | Reached skill level 1 in Dodging
  1556 | D:2      | Noticed Crazy Yiuf
  1565 | D:2      | Killed Crazy Yiuf
  1565 | D:2      | Reached XP level 4. HP: 18/35 MP: 4/4
  1809 | D:2      | HP: 1/35 [poisoned by an adder]
  2280 | D:3      | Gained mutation: A weak demonic guardian rushes to your aid. [demonic ancestry]
  2280 | D:3      | Reached XP level 5. HP: 31/41 MP: 5/5
  2439 | D:3      | Found a glowing silver altar of Zin.
  2572 | D:3      | Found a sacrificial altar of Ru.
  2646 | D:3      | Found a blossoming altar of Fedhas.
  2972 | D:4      | Found a staircase to the Ecumenical Temple.
  3060 | D:4      | Found a glowing golden altar of the Shining One.
  3409 | D:4      | Killed from afar by an orc priest

Action                   |  1- 3 |  4- 6 || total
-------------------------+-------+-------++-------
Melee: Trident           |   142 |   189 ||   331
  Use: Scroll            |     2 |     2 ||     4
  Eat: Bread ration      |     1 |       ||     1
       Fruit             |       |     1 ||     1
       Pizza             |       |     1 ||     1
       Chunk             |       |     1 ||     1
